 Dungeon Crawl Stone Soup version 0.31-a0-1-g4198be8af4 (webtiles) character file.

Game seed: 1196382449849590306

21 BubbleThief the Cudgeller (level 2, 0/28 HPs)
             Began as a Naga Cinder Acolyte on May 1, 2023.
             Was a High Priest of Ignis.
             Killed from afar by Sigmund (7 damage)
             ... with a magic dart
             ... on level 2 of the Dungeon.
             The game lasted 00:01:32 (857 turns).

BubbleThief the Cudgeller (Naga Cinder Acolyte)      Turns: 857, Time: 00:01:33

Health: 0/28       AC:  1    Str: 16    XL:     2   Next: 83%
Magic:  0/3        EV:  9    Int: 14    God:    Ignis [*****.]
Gold:   68         SH:  0    Dex:  6    Spells: 1/3 levels left

rFire   + + .        a - -1 mace (flame)
rCold   . . .        (no shield)
rNeg    . . .        b - +0 robe
rPois   +            (no helmet)
rElec   .            (no cloak)
rCorr   .            (no gloves)
SInv    +            (no barding)
Will    .....        (no amulet)
Stlth   +            h - ring of wizardry
HPRegen 0.24/turn    j - ring of protection from fire
MPRegen 0.08/turn

%: wizardry (x1)
@: confused, very slow
A: AC +0, large, see invisible, deformed body, poison resistance, slowness 2,
spit poison 1, naga tail 1
a: Spit Poison, Renounce Religion, Fiery Armour, Foxfire Swarm, Rising Flame


You were on level 2 of the Dungeon.
You worshipped Ignis.
Ignis was extremely pleased with you.
You visited 1 branch of the dungeon, and saw 2 of its levels.

You collected 68 gold pieces.

Inventory:

Hand Weapons
 a - a -1 mace of flaming (weapon)
Armour
 b - a +0 robe (worn)
Jewellery
 h - a ring of wizardry (left hand)
 j - a ring of protection from fire (right hand)
Scrolls
 c - a scroll of fear {unknown}
 e - 2 scrolls of identify {unknown}
 l - a scroll of teleportation {unknown}
Potions
 d - a potion of haste {unknown}
 f - a potion of mutation {unknown}
 g - a potion of flight {unknown}
 i - 2 potions of brilliance {unknown}
 k - a potion of invisibility {unknown}


   Skills:
 + Level 3.5 Fighting
 + Level 3.5 Maces & Flails
 - Level 1.0 Spellcasting
 - Level 3.0 Fire Magic


You had one spell level left.
You knew the following spells:

 Your Spells              Type           Power      Damage    Failure   Level
a - Scorch                Fire           18%        2d6       4%          2

Your spell library contained the following spells:

 Spells                   Type           Power      Damage    Failure   Level


Dungeon Overview and Level Annotations

Branches:
Dungeon (2/15)

Altars:

Annotations:
D:2 Sigmund


Innate Abilities, Weirdness & Mutations

Your serpentine skin is tough. (AC +0)
You have supernaturally acute eyesight. (SInv)
Armour fits poorly on your strangely shaped body.
Your system is resistant to poisons. (rPois)
You cover ground very slowly.
You can spit poison.
You have a snake-like lower body.


Message History

Press: ? - help, Shift-Dir - straight line, f/p - Sigmund
Aim: Sigmund, wielding a +0 scythe and wearing a +0 robe (severely wounded, slightly transparent, 54% to hit)
You fail to use your ability.
Sigmund gestures at you while chanting. The puff of flame hits you. You resist.
Unknown command.
Sigmund drinks a potion.
Sigmund is healed!
Unknown command.
Aiming: Spit Poison (2% risk of failure)
Press: ? - help, Shift-Dir - straight line, f/p - Sigmund
Aim: Sigmund, wielding a +0 scythe and wearing a +0 robe (slightly transparent, 54% to hit)
You fail to use your ability.
Unknown command.
Unknown command.
Casting: Scorch (safe; 4% risk of failure)
Confirm with . or Enter, or press ? or * to list all spells.
Flames lash Sigmund.
Sigmund is heavily wounded.
Sigmund's fire resistance burns away.
Unknown command.
Aiming: Spit Poison (2% risk of failure)
Press: ? - help, Shift-Dir - straight line, f/p - Sigmund
Aim: Sigmund, wielding a +0 scythe and wearing a +0 robe (heavily wounded, slightly transparent, more vulnerable to fire, 54% to hit)
The splash of poison hits Sigmund.
Sigmund is poisoned.
Sigmund is severely wounded.
Sigmund hits you from afar with a +0 scythe.
Unknown command.
Sigmund is no longer more vulnerable to fire.
Sigmund points at you and mumbles some strange words.
You are confused.
Unknown command.
Sigmund casts a spell at you. The puff of flame hits you. You resist.
Sigmund hits you from afar with a +0 scythe.
* * * LOW HITPOINT WARNING * * *
You have got your breath back.
Sigmund looks more healthy.
Sigmund gestures at you while chanting. The magic dart hits you!
You die...

... ..# ##### #. .
B.###... #.#
....#.... #.##
#.##.#.### #...
#........
#..####@.#...#######.
#..#.....#(..<.......
#..#.#####@..########
#.......B@..........
#.##.#####..........
#.##.......#.#######
#.##########.#
#.)..........#
##############


You could see Sigmund (invisible) and a giant cockroach.

Vanquished Creatures
  A dart slug (D:1)
  A ball python (D:1)
  2 bats (D:1)
  An endoplasm (D:2)
  2 giant cockroaches (D:1)
  2 kobolds (D:1)
  2 quokkas (D:1)
  A frilled lizard (D:1)
  2 goblins (D:1)
  3 rats (D:1)
17 creatures vanquished.

Notes
Turn   | Place    | Note
-------+----------+-------------------------------------------
     0 | D:1      | BubbleThief the Naga Cinder Acolyte began the quest for the
                  | Orb.
     0 | D:1      | Reached XP level 1. HP: 21/21 MP: 2/2
   158 | D:1      | Reached XP level 2. HP: 28/28 MP: 3/3
   164 | D:1      | Learned a level 2 spell: Scorch
   837 | D:2      | Noticed Sigmund
   857 | D:2      | Killed from afar by Sigmund

Illustrated notes

Levels and vault maps discovered:
D:1:      lightli_arrival_flooded_house, layout_basic, minmay_misc_feat_five,
          dreamdust_mushroom_princess, st_stairs_10,
          chequers_serial_rivers_micro_b, minivault_14
D:2:      layout_basic, basic_ecumenical_altar, uniq_sigmund

Action                     || total
---------------------------++-------
  Melee: Mace              ||    14
   Cast: Scorch            ||     8
Ability: Spit Poison       ||    20
 Armour: Robe              ||     8
  Dodge: Dodged            ||    11

Table legend: (Time is in decaauts)
 A = Elapsed time spent in this place.
 B = Non-inter-level travel time spent in this place.
 C = Inter-level travel time spent in this place.
 D = Time resting spent in this place.
 E = Time spent auto-exploring this place.
 F = Levels seen in this place.
 G = Mean time per level.
                   A        B        C        D        E       F      G
               +--------+--------+--------+--------+--------+-----+--------+
         Total |   1090 |   1064 |     26 |      0 |    911 |   2 |  545.0 |
       Dungeon |   1090 |   1064 |     26 |      0 |    911 |   2 |  545.0 |
               +--------+--------+--------+--------+--------+-----+--------+

Top non-repeatable levels by time:
     D:1: 978 daAuts
     D:2: 112 daAuts
